 Dungeon Crawl Stone Soup version 0.25.1-9-gc5326a611f (webtiles) character file.

Game seed: 10972964738088862463

644 funkygono the Cudgeler (level 7, -11/44 HPs)
             Began as a Gargoyle Fighter on Dec 28, 2020.
             Splashed by Ijyb's acid (15 damage)
             ... on level 4 of the Dungeon.
             The game lasted 00:06:39 (3017 turns).

funkygono the Cudgeler (Gargoyle Fighter)           Turns: 3017, Time: 00:06:40

Health: -11/44     AC: 11    Str: 22    XL:     7   Next: 52%
Magic:  0/7        EV: 12    Int:  8    God:
Gold:   212        SH: 11    Dex:  9    Spells: 6/6 levels left

rFire    . . .     SeeInvis .   k - +0 flail (vorpal)
rCold    . . .     Gourm    .   c - +1 kite shield
rNeg     + + .     Faith    .   b - +0 scale mail
rPois    ∞         Spirit   +   (no helmet)
rElec    +         Reflect  .   (no cloak)
rCorr    .         Harm     .   (no gloves)
MR       .....                  (no boots)
Stlth    ..........             t - amulet of guardian spirit
HPRegen  0.14/turn              l - ring of positive energy
MPRegen  0.10/turn              j - +4 ring of evasion

@: no status effects
A: negative energy resistance 1, electricity resistance, unbreathing,
petrification resistance, rot immunity, AC +4
a: no special abilities


You were on level 4 of the Dungeon.
You were not hungry.

You visited 1 branch of the dungeon, and saw 6 of its levels.

You collected 212 gold pieces.

Inventory:

Hand Weapons
 a - a +1 flail
 k - a +0 vorpal flail (weapon)
Missiles
 e - 90 sling bullets
 h - 127 stones (quivered)
 m - 15 bolts
 n - 40 arrows
Armour
 b - a +0 scale mail (worn)
 c - a +1 kite shield (worn)
Jewellery
 j - a +4 ring of evasion (right hand)
 l - a ring of positive energy (left hand)
 t - an amulet of guardian spirit (around neck)
 v - an uncursed ring of see invisible
Wands
 u - a wand of enslavement (9)
Scrolls
 g - a scroll of identify
 p - a scroll of remove curse
 A - a scroll of fog
Potions
 d - a potion of might
 i - a potion of brilliance
 q - a potion of resistance
 s - 2 potions of curing {unknown}
 w - a potion of lignification {unknown}
 x - a potion of ambrosia {unknown}
 z - a potion of mutation {unknown}
Comestibles
 f - 10 rations
 o - 2 chunks of flesh


   Skills:
 + Level 4.4 Fighting
 + Level 5.5 Maces & Flails
 + Level 4.3 Armour
 + Level 1.6 Dodging
 + Level 5.3 Shields


You had 6 spell levels left.
You didn't know any spells.
Your spell library was empty.

Dungeon Overview and Level Annotations

Branches:
Dungeon (6/15)
 Temple: D:4-7

Altars:
Vehumet

Portals:
Abyss: D:4

Annotations:
D:4 2 transporters, ElPutoDani's ghost, amateur CeWr; Ijyb


Innate Abilities, Weirdness & Mutations

You are resistant to torment.
Your stone body is resilient. (AC +4)
You are immune to poison.
You resist negative energy. (rN+)
You are resistant to electric shocks. (rElec)
You can survive without breathing.
You are immune to petrification.
You are immune to rotting.


Message History

Ijyb is heavily wounded.
Ijyb misses you.
You hit Ijyb.
Ijyb is severely wounded.
Ijyb hits you but does no damage.
You barely miss Ijyb.
Ijyb is severely wounded.
Ijyb hits you but does no damage. Ijyb barely misses you.
You closely miss Ijyb.
Ijyb is severely wounded.
Ijyb hits you but does no damage.
You barely miss Ijyb.
Ijyb is severely wounded.
Ijyb hits you but does no damage.
Your shield and scale mail prevent you from hitting Ijyb.
Ijyb is severely wounded.
Ijyb zaps a wand.
The bolt of acid hits you!
* * * LOW HITPOINT WARNING * * *
You are splashed with acid!
You die...

...............##x..###
###..####...##.#W# ##.#
#..####...##.##.##..##
#..$.......#..###....###
#..(.......#......##...[
###..##...##+###########
.####..##...##...
.................> ######
..........@....... #....#
........##†g.###.. #....###
...###+###...#######...##..
##+ ..##....#............
.......#...##...##..
......#...##...##..
#..#####'##...####
##.[####..##[....
#..........#......


You could see Ijyb.

Vanquished Creatures
  An ice beast (D:5)
  A big kobold (D:5)
  A crimson imp (D:3)
  A bullfrog zombie (D:5)
  A hound (D:4)
  3 orc priests
  An iguana (D:4)
  An orc wizard (D:3)
  3 worker ants
  A howler monkey skeleton (D:4)
  8 adders
  2 shadow imps (D:5)
  2 worms (D:3)
  3 dart slugs
  6 leopard geckos
  10 orcs
  5 bats
  2 giant cockroaches (D:2)
  4 goblins
  6 hobgoblins
  5 kobolds
  A quokka (D:2)
  3 ball pythons
  5 frilled lizards
  4 rats
  A plant (D:1)
81 creatures vanquished.

Vanquished Creatures (others)
  A frilled lizard (D:4)
1 creature vanquished.

Grand Total: 82 creatures vanquished

Notes
Turn   | Place    | Note
-------+----------+-------------------------------------------
     0 | D:1      | funkygono the Gargoyle Fighter began the quest for the Orb.
     0 | D:1      | Reached XP level 1. HP: 14/14 MP: 1/1
   318 | D:1      | Reached XP level 2. HP: 19/19 MP: 2/2
   640 | D:1      | You fall into a shaft and drop 1 floor!
   687 | D:2      | Reached XP level 3. HP: 23/23 MP: 3/3
  1385 | D:3      | Found a radiant altar of Vehumet.
  1491 | D:3      | Reached XP level 4. HP: 16/29 MP: 2/4
  1532 | D:3      | Reached XP level 5. HP: 31/33 MP: 5/5
  1824 | D:3      | Reached skill level 1 in Dodging
  2126 | D:4      | You fall into a shaft and drop 2 floors!
  2136 | D:5      | Entered Level 5 of the Dungeon
  2143 | D:5      | Reached XP level 6. HP: 35/38 MP: 6/6
  2366 | D:5      | Noticed an ice beast
  2376 | D:5      | Killed an ice beast
  2376 | D:5      | Reached skill level 5 in Maces & Flails
  2376 | D:5      | Reached XP level 7. HP: 43/43 MP: 7/7
  2465 | D:5      | Reached skill level 5 in Shields
  2713 | D:4      | Found a one-way gate to the infinite horrors of the Abyss.
  2713 | D:4      | Noticed ElPutoDani's ghost (amateur CeWr)
  2726 | D:4      | Found a transporter.
  2764 | D:4      | Found a transporter.
  2780 | D:4      | Noticed an ancient zyme
  3002 | D:4      | Noticed Ijyb
  3017 | D:4      | Splashed by Ijyb's acid

Illustrated notes

Levels and vault maps discovered:
D:1:      onia_arrival_mini_maze, layout_loops_ring
D:2:      layout_basic
D:3:      layout_basic, vehumet_crystals, first_ration
D:4:      layout_gridville, gammafunk_ghost_abyssal_escape, uniq_ijyb
D:5:      layout_basic, serial_shops, nicolae_shop_waterfront
D:6:      layout_rooms, okawaru_ov_weapons_minmay, uniq_crazy_yiuf_cottage

Skill      XL: |  1  2  3  4  5  6  7 |
---------------+----------------------+-----
Maces & Flails | 3 4 5 |  5.5
Shields        | 4 5 |  5.3
Dodging        | 1 |  1.6
Fighting       | 4 |  4.4
Armour         | 4 |  4.3

Action                   |  1- 3 |  4- 6 |  7- 9 || total
-------------------------+-------+-------+-------++-------
Melee: Flail             |   149 |   122 |   118 ||   389
  Use: Scroll            |     4 |     3 |       ||     7
       Potion            |       |     3 |       ||     3
  Eat: Chunk             |     2 |     3 |     3 ||     8
Armor: Scale mail        |    59 |    37 |    31 ||   127
Dodge: Dodged            |    51 |    55 |    64 ||   170
Block: Kite shield       |    68 |    75 |    62 ||   205
